 Dungeon Crawl Stone Soup version 0.28-a0-1387-g3a22ab9bdc (webtiles) character file.

Game seed: 3976520204011660829

38546 Delamore the Bludgeoner (level 14, -3/90 HPs)
             Began as a Gargoyle Fighter on Jan 2, 2022.
             Was the Champion of Okawaru.
             Slain by a death yak (20 damage)
             ... on level 5 of the Lair of Beasts.
             The game lasted 00:27:39 (22185 turns).

Delamore the Bludgeoner (Gargoyle Fighter)         Turns: 22185, Time: 00:27:39

Health: -3/90      AC: 27    Str: 25    XL:     14   Next: 2%
Magic:  14/17      EV:  8    Int:  9    God:    Okawaru [******]
Gold:   740        SH: 19    Dex: 15    Spells: 13/13 levels left

rFire   x . .      SeeInvis .   N - +0 morningstar
rCold   + . .      Faith    .   A - +1 kite shield
rNeg    + + .      Spirit   .   X - +1 chain mail "Biul" {rN+}
rPois   ∞          Reflect  +   (no helmet)
rElec   +          Harm     .   B - +2 cloak {rCorr}
rCorr   +          Rampage  .   G - +0 pair of gloves
Will    +....                   h - +0 pair of boots
Stlth   ..........              Q - amulet of reflection
HPRegen 0.25/turn               Y - ring of ice
MPRegen 0.15/turn               m - +6 ring of dexterity

@: flying
A: sickness immunity, AC +10, big wings, negative energy resistance 1,
electricity resistance, torment resistance 1, petrification resistance
a: Renounce Religion, Heroism, Finesse, Duel


You were on level 5 of the Lair of Beasts.
You worshipped Okawaru.
Okawaru was exalted by your worship.
You visited 3 branches of the dungeon, and saw 16 of its levels.

You collected 794 gold pieces.
You spent 54 gold pieces at shops.

Inventory:

Hand Weapons
 K - a +3 mace
 N - a +0 morningstar (weapon)
Missiles
 a - 6 silver javelins
 b - 5 atropa-tipped darts
 n - 5 curare-tipped darts
 r - 9 javelins
 s - 46 poisoned darts
 y - 11 boomerangs (quivered)
 D - 9 silver boomerangs
 Z - a throwing net
Armour
 c - the +0 cloak of Midnight {rF+ rCorr Int+4 Stlth+}
   (Okawaru gifted it to you on level 5 of the Lair of Beasts)

   Int:       It affects your intelligence (+4).
   rF:        It protects you from fire.
   rCorr:     It protects you from acid and corrosion.
   Stlth:     It makes you more stealthy.
 h - a +0 pair of boots (worn)
 A - a +1 kite shield (worn)
 B - a +2 cloak of preservation (worn)
 G - a +0 pair of gloves (worn)
 X - the +1 chain mail "Biul" (worn) {rN+}
   (Okawaru gifted it to you on level 3 of the Lair of Beasts)

   rN:        It protects you from negative energy.
Jewellery
 l - a ring of positive energy
 m - a +6 ring of dexterity (right hand)
 J - a ring of flight
 O - a +6 ring of dexterity
 Q - an amulet of reflection (around neck)
 T - a ring of protection from fire
 Y - a ring of ice (left hand)
Wands
 w - a wand of polymorph (6)
 H - a wand of mindburst (8)
 P - a wand of iceblast (5)
 V - a wand of flame (17)
Scrolls
 f - a scroll of vulnerability
 i - 3 scrolls of enchant weapon
 k - a scroll of enchant armour
 o - 2 scrolls of fog
 p - a scroll of immolation
 q - 4 scrolls of amnesia
 v - a scroll of blinking
 z - a scroll of torment
 C - a scroll of summoning
 E - 2 scrolls of teleportation
 U - a scroll of fear
Potions
 d - a potion of might
 e - 3 potions of heal wounds
 g - 5 potions of brilliance
 j - a potion of invisibility
 t - 4 potions of flight
 u - a potion of haste
 x - a potion of mutation {unknown}
 L - 2 potions of resistance {unknown}
 M - 2 potions of ambrosia
 R - a potion of magic {unknown}
 S - 2 potions of curing
 W - a potion of degeneration {unknown}


   Skills:
 + Level 11.0 Fighting
 * Level 15.0 Maces & Flails
 + Level 6.4 Throwing
 + Level 5.8 Armour
 - Level 14.0 Shields
 - Level 4.0 Invocations
 - Level 4.0 Evocations


You had 13 spell levels left.
You didn't know any spells.
Your spell library contained the following spells:

 Spells                   Type           Power      Damage    Failure   Level
 Apportation              Tloc           0%         N/A       96%         1
 Sting                    Tmut/Pois      0%         1d3       96%         1
 Blink                    Tloc           0%         N/A       99%         2
 Poisonous Vapours        Pois/Air       0%         N/A       99%         2
 Olgreb's Toxic Radiance  Pois           0%         N/A       100%        4
 Alistair's Intoxication  Tmut/Pois      0%         N/A       100%        5
 Manifold Assault         Tloc           0%         N/A       100%        5
 Storm Form               Tmut/Air       0%         N/A       100%        7


Dungeon Overview and Level Annotations

Branches:
Dungeon (9/15)             Temple (1/1) D:4            Lair (6/6) D:8
 Shoals (0/4) Lair:4       Spider (0/4) Lair:3        Slime (0/5) Lair:5
    Orc: D:9-12

Altars:
Ashenzari
Cheibriados
Dithmenos
Elyvilon
Fedhas
Gozag
Hepliaklqana
Kikubaaqudgha
Makhleb
Nemelex Xobeh
Okawaru
Qazlal
Ru
Sif Muna
Trog
Uskayaw
Vehumet
Wu Jian
Xom
Yredelemnul
The Shining One

Shops:
D:7 (   D:8 *   D:9 =*

Annotations:
D:6 1 runed translucent door
D:9 1 runed translucent door, 27snakeeyes612's ghost, novice SpEn
Lair:2 2 transporters, vim's ghost, journeyman VSFi


Innate Abilities, Weirdness & Mutations

You are immune to sickness and miasma.
Your stone body is resilient. (AC +10)
You are immune to poison.
Your large and strong wings let you fly.
You resist negative energy. (rN+)
You are resistant to electric shocks. (rElec)
You are resistant to unholy torment.
You are immune to petrification.


Message History

The death yak is almost dead.
The death yak gores you!
* * * LOW HITPOINT WARNING * * *
You hit the death yak.
The death yak is lightly wounded.
You puncture the death yak!
The death yak is moderately wounded.
You feel better. You block the death yak's attack.
You hit the death yak but do no damage.
The death yak is moderately wounded.
The death yak closely misses you.
You hit the death yak.
The death yak is moderately wounded.
You block the death yak's attack.
You puncture the death yak!
You kill the death yak!
Okawaru accepts your kill.
Your hands slow down.
Your Maces & Flails skill increases to level 15!
You sock the death yak!
The death yak is heavily wounded.
You block the death yak's attack.
You hit the death yak.
The death yak is heavily wounded.
You block the death yak's attack.
You barely miss the death yak.
The death yak is heavily wounded.
You hit the death yak but do no damage.
The death yak is heavily wounded.
You block the death yak's attack.
You thump the death yak!
The death yak is severely wounded.
You block the death yak's attack.
Your shield and chain mail "Biul" prevent you from hitting the death yak.
The death yak is severely wounded.
You block the death yak's attack.
You sock the death yak!
The death yak is almost dead.
The death yak gores you!!
You die...

.≈≈≈..≈≈≈≈≈.....................#
≈≈≈≈.<.≈≈≈≈..............PP.....#
.≈≈≈≈≈.≈≈≈≈≈...........P.P#....^.
≈≈≈≈≈≈≈≈≈≈≈.........##.#.##.....#
.≈≈≈≈≈≈≈≈..≈........#.....#......
#.≈≈≈≈≈≈≈................P.......
...≈.≈........................#..
#........#.....P.##..............
#....P..........@#...............
.........#...#..Y††..............
.....#...........##.............#
P....P...........................
................>................
#..#P.#...P.##.†.......##.##...#.
.#####.#########P################
## ### ### #


You could see a death yak.

Vanquished Creatures
  Nessos (Lair:4)
  Fannar (Lair:2)
  2 hydras (Lair:5)
  A catoblepas (Lair:3)
  4 death yaks (Lair:5)
  Nergalle (Lair:2)
  2 wolf spiders
  A cyclops (D:7)
  11 elephants
  2 centaur zombies (D:7)
  A black mamba (Lair:6)
  11 komodo dragons
  2 rime drakes
  11 cane toads
  Psyche (D:8)
  A slime creature (Lair:5)
  A polar bear (Lair:5)
  Grinder (D:5)
  24 blink frogs
  9 dream sheep
  31 yaks
  6 wyverns
  A basilisk (Lair:5)
  2 steam dragons
  A redback (Lair:3)
  2 acid dragons
  9 water moccasins
  2 black bears (Lair:1)
  An ice beast (D:5)
  5 orc warriors
  22 wolves
  4 ogres
  5 centaurs
  A kobold brigand (D:7)
  15 bullfrogs
  2 scorpions
  A gnoll sergeant (D:6)
  18 killer bees
  4 wights (D:8)
  A howler monkey (D:8)
  5 electric eels (D:7)
  2 bullfrog zombies
  3 jellies (Lair:5)
  8 orc priests
  2 centaur skeletons
  2 hounds
  Jessica (D:2)
  8 iguanas
  9 orc wizards
  A scorpion zombie (D:5)
  A hound zombie (D:5)
  3 howler monkey zombies
  4 gnolls (D:6)
  2 adders
  2 howler monkey skeletons
  A white imp (D:6)
  An ufetubus (D:4)
  An adder skeleton (D:4)
  3 worms
  5 dart slugs
  21 orcs
  8 endoplasms
  4 giant cockroaches
  4 goblins
  4 hobgoblins
  7 jackals
  13 kobolds
  4 quokkas
  10 ball pythons
  8 bats
  2 frilled lizards
  5 rats
375 creatures vanquished.

Vanquished Creatures (others)
  57 fungi
  70 plants
127 creatures vanquished.

Grand Total: 502 creatures vanquished

Notes
Turn   | Place    | Note
-------+----------+-------------------------------------------
     0 | D:1      | Delamore the Gargoyle Fighter began the quest for the Orb.
     0 | D:1      | Reached XP level 1. HP: 14/14 MP: 1/1
   176 | D:1      | Reached XP level 2. HP: 10/19 MP: 2/2
   670 | D:1      | Reached XP level 3. HP: 23/23 MP: 3/3
   809 | D:1      | Found a faded altar of an unknown god.
   822 | D:1      | Reached skill level 3 in Maces & Flails
  1590 | D:2      | Reached XP level 4. HP: 26/28 MP: 4/4
  1679 | D:2      | Noticed Jessica
  1689 | D:2      | Killed Jessica
  1690 | D:2      | Reached skill level 4 in Maces & Flails
  2399 | D:3      | Reached XP level 5. HP: 30/32 MP: 5/5
  2556 | D:3      | Identified the +4 scale mail "Fissetzi" {Int+3}
  3308 | D:4      | Reached skill level 5 in Maces & Flails
  3373 | D:4      | Reached XP level 6. HP: 12/37 MP: 6/6
  3585 | D:4      | Found a staircase to the Ecumenical Temple.
  3595 | Temple   | Entered the Ecumenical Temple
  3999 | Temple   | Became a worshipper of Warmaster Okawaru
  4136 | D:4      | Reached skill level 6 in Maces & Flails
  4685 | D:5      | Entered Level 5 of the Dungeon
  4785 | D:5      | Reached skill level 7 in Maces & Flails
  4785 | D:5      | Reached XP level 7. HP: 41/41 MP: 7/7
  5006 | D:5      | Reached * piety under Okawaru
  5396 | D:5      | Found an ornate altar of the Wu Jian Council.
  5438 | D:5      | Reached skill level 8 in Maces & Flails
  5610 | D:5      | Found a shimmering altar of Xom.
  5610 | D:5      | Found a stormy altar of Qazlal.
  5610 | D:5      | Found a blossoming altar of Fedhas.
  5972 | D:5      | Noticed Grinder
  5997 | D:5      | Killed Grinder
  5998 | D:5      | Reached skill level 9 in Maces & Flails
  5998 | D:5      | Reached XP level 8. HP: 46/46 MP: 8/8
  6578 | D:6      | Reached skill level 10 in Maces & Flails
  6663 | D:6      | Found a runed translucent door.
  6668 | D:6      | Found a basalt altar of Yredelemnul.
  6774 | D:6      | Found a hide-covered altar of Uskayaw.
  6798 | D:6      | Reached ** piety under Okawaru
  7222 | D:7      | Reached skill level 11 in Maces & Flails
  7222 | D:7      | Reached XP level 9. HP: 35/51 MP: 9/9
  7436 | D:7      | Noticed a cyclops
  7703 | D:7      | Killed a cyclops
  7703 | D:7      | Reached *** piety under Okawaru
  7704 | D:7      | Reached skill level 12 in Maces & Flails
  8382 | D:7      | Reached skill level 13 in Maces & Flails
  8749 | D:7      | Found Acseva's Weapon Shoppe.
  8779 | D:7      | Found an opulent altar of Gozag.
  8840 | D:7      | Found a bloodstained altar of Trog.
  9251 | D:7      | Found a glowing golden altar of the Shining One.
  9251 | D:7      | Found a burning altar of Makhleb.
  9559 | D:8      | Reached skill level 1 in Invocations
  9559 | D:8      | Reached XP level 10. HP: 49/56 MP: 10/10
  9609 | D:8      | Found a white marble altar of Elyvilon.
  9695 | D:8      | Reached **** piety under Okawaru
  9696 | D:8      | Reached skill level 1 in Evocations
  9958 | D:8      | Found a broken altar of Ashenzari.
 10086 | D:8      | Reached skill level 14 in Maces & Flails
 10297 | D:8      | Found Loiwnay's Assorted Antiques.
 10305 | D:8      | Bought a metallic ruby potion for 18 gold pieces
 10305 | D:8      | Bought a ruby potion for 18 gold pieces
 10305 | D:8      | Bought a metallic ruby potion for 18 gold pieces
 10307 | D:8      | Noticed Psyche
 10631 | D:8      | Killed Psyche
 10741 | D:8      | Found a staircase to the Lair.
 11189 | D:8      | Reached skill level 5 in Shields
 11305 | D:9      | Reached skill level 5 in Fighting
 11325 | D:9      | Reached ***** piety under Okawaru
 11335 | D:9      | Reached XP level 11. HP: 37/64 MP: 14/14
 11637 | D:9      | Found Tuclot Joemy's Island Escapes.
 11669 | D:9      | Found a runed translucent door.
 11698 | D:8      | Reached skill level 1 in Throwing
 12281 | D:9      | Noticed 27snakeeyes612's ghost (novice SpEn)
 12378 | D:9      | HP: 2/65 [orc priest/divine providence (11)]
 12828 | D:9      | Found Vicile's Jewellery Emporium.
 12964 | D:9      | Identified the +5 quarterstaff of Division {vorpal, Dex+2}
 13181 | Lair:1   | Entered Level 1 of the Lair of Beasts
 13570 | Lair:1   | Received a gift from Okawaru
 14093 | Lair:1   | Received a gift from Okawaru
 14770 | Lair:2   | Noticed a moth of wrath
 14772 | Lair:2   | Noticed vim's ghost (journeyman VSFi)
 14780 | Lair:2   | Noticed a spriggan berserker
 14781 | Lair:2   | Found a transporter.
 14781 | Lair:2   | Noticed a spriggan rider
 15083 | Lair:2   | Found a bloodstained altar of Trog.
 15287 | Lair:2   | Noticed Nergalle
 15319 | Lair:2   | Killed Nergalle
 15505 | Lair:2   | Found a transporter.
 15518 | Lair:2   | Noticed Fannar
 15620 | Lair:3   | Reached XP level 12. HP: 74/75 MP: 15/15
 15644 | Lair:3   | Reached skill level 5 in Throwing
 15877 | Lair:3   | Received a gift from Okawaru
 15913 | Lair:3   | Reached ****** piety under Okawaru
 16146 | Lair:3   | Found a hole to the Spider Nest.
 16174 | Lair:3   | Noticed a catoblepas
 16202 | Lair:3   | Killed a catoblepas
 16950 | Lair:3   | Reached skill level 10 in Shields
 17082 | Lair:3   | Identified the +1 chain mail "Biul" {rN+} (Okawaru gifted
                  | it to you on level 3 of the Lair of Beasts)
 17082 | Lair:3   | Received a gift from Okawaru
 17097 | Lair:3   | Reached skill level 10 in Fighting
 17855 | Lair:4   | Noticed Nessos
 17876 | Lair:4   | Killed Nessos
 18168 | Lair:2   | Killed Fannar
 18169 | Lair:2   | Reached XP level 13. HP: 82/82 MP: 9/16
 18632 | Lair:4   | Found a staircase to the Shoals.
 19134 | Lair:3   | Received a gift from Okawaru
 19792 | Lair:4   | Received a gift from Okawaru
 20003 | Lair:5   | Received a gift from Okawaru
 20843 | Lair:5   | Received a gift from Okawaru
 20995 | Lair:5   | Found a staircase to the Slime Pits.
 21197 | Lair:5   | Received a gift from Okawaru
 21198 | Lair:5   | Reached skill level 5 in Armour
 21455 | Lair:5   | Identified the +12 arbalest of Feleclargh {freeze, Str+2
                  | Int+3 SInv}
 21742 | Lair:6   | Entered Level 6 of the Lair of Beasts
 21789 | Lair:6   | Received a gift from Okawaru
 22120 | Lair:5   | Identified the +0 cloak of Midnight {rF+ rCorr Int+4
                  | Stlth+} (Okawaru gifted it to you on level 5 of the Lair of
                  | Beasts)
 22120 | Lair:5   | Received a gift from Okawaru
 22159 | Lair:5   | Gained mutation: Your large and strong wings let you fly.
                  | [Gargoyle growth]
 22159 | Lair:5   | Reached XP level 14. HP: 18/90 MP: 12/17
 22179 | Lair:5   | Reached skill level 15 in Maces & Flails
 22185 | Lair:5   | Slain by a death yak

Illustrated notes

Levels and vault maps discovered:
D:1:      dpeg_arrival_round_b, layout_basic,
          hellmonk_ecumenical_altar_inner_sanctum
D:2:      layout_rooms, serial_forest, infiniplex_forest_end_1,
          infiniplex_forest_lined_1, infiniplex_forest_straight_4,
          infiniplex_forest_straight_3, infiniplex_forest_end_1,
          infiniplex_forest_clump_medium, infiniplex_forest_clump_double,
          infiniplex_forest_zigzag_1, glass_columns_c, uniq_jessica
D:3:      layout_basic, hangedman_glass_teeth
D:4:      kennysheep_big_flooded_room, layout_cave_pools,
          minmay_temple_entry_statues_fountains, serial_glass, glass_columns_c,
          glass_columns_b, glass_columns_c, glass_columns_b, glass_columns_b,
          feat_on_display, item_on_display_a
D:5:      layout_gridville, nicolae_wu_jian_immortal_techniques,
          gammafunk_temple_overflow_claw, minivault_19, uniq_grinder
D:6:      layout_basic, nicolae_uskayaw_dance_hall, dk_yredelemnul_ordeal
D:7:      wad_lake_hut, layout_basic, amethyst_overflow_temple_binary,
          old_standard_altar, trog_butcher_becter, serial_shops, shop_fountains,
          minmay_circle_x
D:8:      layout_basic, elyvilon_altar_1, evilmike_ruin_ashenzari,
          grunt_lair_entry_orc_guard_hut, serial_shops, shop, uniq_psyche
D:9:      layout_rooms, ebering_ghost_inner_flame, serial_shops,
          nicolae_shop_competitors_out_of_business, nicolae_island_escapes
Temple:   compressed_dpeg_triangle_lava_temple
Lair:1:   layout_big_grid
Lair:2:   layout_roguey, gammafunk_ghost_wrathful_warriors, uniq_fannar,
          uniq_nergalle
Lair:3:   layout_chaotic_city, spider_nest_entry_rubble
Lair:4:   layout_misc_corridors, elwin_shoals_entry_rocks, grunt_megastairs_3,
          uniq_nessos
Lair:5:   layout_long_grid, minmay_slime_entry_pillars,
          nicolae_lair_run_with_the_wolves, infiniplex_staircase_pool_2
Lair:6:   cheibrodos_lair_end_hotspot, layout_loops_ring, portal_ice_cave_rime,
          nicolae_quartered_pool_super, chequers_serial_rivers_large_b,
          st_stairs_4, serial_bayou_lagoon_a

Skill      XL: |  1  2  3  4  5  6  7  8  9 10 11 12 13 14 |
---------------+-------------------------------------------+-----
Shields        | 4 5 8 12 14 | 14.0
Maces & Flails | 3 4 5 7 9 11 13 14 15 | 15.0
Invocations    | 1 4 |  4.0
Evocations     | 4 |  4.0
Fighting       | 5 8 10 11 | 11.0
Throwing       | 4 5 6 |  6.4
Armour         | 5 |  5.8

Action                   |  1- 3 |  4- 6 |  7- 9 | 10-12 | 13-15 || total
-------------------------+-------+-------+-------+-------+-------++-------
Melee: Flail             |   124 |   198 |   330 |   361 |       ||  1013
       Mace              |       |       |       |   764 |   173 ||   937
       Morningstar       |       |       |       |       |   299 ||   299
Throw: Dart              |       |    10 |    21 |    16 |     8 ||    55
       Javelin           |       |       |    10 |     3 |       ||    13
       Boomerang         |       |       |     2 |    18 |    27 ||    47
Invok: Heroism           |       |       |     5 |     9 |     5 ||    19
       Finesse           |       |       |       |     5 |     2 ||     7
Evoke: Wand              |       |       |       |    11 |     3 ||    14
  Use: Scroll            |     2 |     3 |     5 |     9 |     3 ||    22
       Potion            |       |     1 |       |     7 |     2 ||    10
 Stab: Invisible         |       |       |       |     2 |       ||     2
Armor: Scale mail        |    91 |   103 |   165 |   433 |       ||   792
       Chain mail        |       |       |       |    75 |   202 ||   277
Dodge: Dodged            |    87 |   108 |    98 |   355 |   122 ||   770
Block: Buckler           |    34 |    35 |    57 |   368 |       ||   494
       Kite shield       |       |       |       |   199 |   434 ||   633
       Reflection        |       |       |       |     5 |     1 ||     6

Table legend: (Time is in decaauts)
 A = Elapsed time spent in this place.
 B = Non-inter-level travel time spent in this place.
 C = Inter-level travel time spent in this place.
 D = Time resting spent in this place.
 E = Time spent auto-exploring this place.
 F = Levels seen in this place.
 G = Mean time per level.
                   A        B        C        D        E       F      G
               +--------+--------+--------+--------+--------+-----+--------+
         Total |  21779 |  20688 |   1091 |   5860 |  11224 |  16 | 1361.2 |
       Dungeon |  12674 |  11986 |    688 |   2828 |   7098 |   9 | 1408.2 |
        Temple |    419 |    371 |     48 |      0 |    341 |   1 |  419.0 |
          Lair |   8684 |   8330 |    354 |   3032 |   3785 |   6 | 1447.3 |
               +--------+--------+--------+--------+--------+-----+--------+

Top non-repeatable levels by time:
     D:8: 2684 daAuts
  Lair:3: 2544 daAuts
  Lair:5: 2149 daAuts
     D:7: 2057 daAuts
  Lair:1: 1394 daAuts
  Lair:4: 1383 daAuts
     D:1: 1357 daAuts
     D:5: 1272 daAuts
     D:6: 1249 daAuts
     D:4: 1166 daAuts
  Lair:2: 1153 daAuts
     D:3: 1024 daAuts
     D:2: 960 daAuts
     D:9: 903 daAuts
  Temple: 419 daAuts
